Map: Prion Terraces

Players

TomikuS - Winner!

  • Race: Zerg Zerg
  • League: Grandmaster

llllllllllll

  • Race: Terran Terran
  • League: Grandmaster

Event: Gauntlet LotV Series 1 Qualifier 2

VOD

Have the link to the VOD?

Description

Time

  • Played on: Dec. 5, 2015, 1:59 p.m.
  • Length: 10:24

All games in this series

Show
View Real Time Build Order
Export as new Build Order

TomikuS Zerg - Winner!

Build Orders: Hatch First 

Get SALT Encoding   

  12  0:01  Drone  
  13  0:13  Overlord  
  13  0:17  Drone  
  14  0:31  Drone x2  
  16  0:36  Drone  
  17  0:56  Hatchery  
  16  0:58  Drone  
  16  0:59  Drone  
  18  1:07  Drone  
  19  1:12  Extractor  
  18  1:20  Spawning Pool  
  18  1:22  Drone  
  18  1:28  Drone  
  19  1:39  Overlord  
  19  2:08  Queen, Zergling x6  
  22  2:09  Queen  
  22  2:14  Drone  
  27  2:16  Metabolic Boost  
  27  2:20  Drone  
  28  2:29  Overlord  
  28  2:30  Drone  
  29  2:40  Drone  
  30  2:44  Queen  
  30  2:48  Drone x2  
  34  3:05  Overlord  
  34  3:06  Drone x3  
  36  3:15  Overlord  
  36  3:16  Overlord  
  36  3:29  Drone x6  
  36  3:33  Hatchery  
  40  3:34  Queen  
  42  3:46  Overlord  
  42  3:48  Roach Warren  
  42  3:51  Drone x3, Extractor  
  42  4:05  Drone x3  
  42  4:06  Drone  
  42  4:07  Overlord, Zergling x2  
  47  4:10  Queen  
  49  4:18  Drone x2  
  49  4:21  Extractor  
  50  4:27  Drone x2, Extractor  
  50  4:28  Drone  
  50  4:29  Roach  
  50  4:30  Roach x3  
  60  4:44  Overlord  
  60  4:45  Drone x2  
  62  4:54  Overlord  
  62  4:55  Drone  
  62  4:56  Queen  
  65  5:00  Ravager  
  65  5:01  Ravager x2  
  65  5:06  Drone x7  
  75  5:08  Overlord  
  75  5:11  Evolution Chamber  
  75  5:13  Evolution Chamber  
  72  5:19  Spore Crawler  
  72  5:20  Spore Crawler x2  
  70  5:21  Drone x5  
  74  5:32  Drone x3  
  77  5:36  Drone x2  
  77  5:38  Roach x4  
  77  5:42  Ravager  
  86  5:43  Zerg Missile Weapons Level 1  
  86  5:44  Zerg Ground Armor Level 1  
  86  5:49  Spore Crawler  
  85  5:55  Roach  
  85  5:56  Roach x3  
  88  6:00  Roach x2  
  90  6:06  Roach x6  
  95  6:21  Lair  
  95  6:23  Extractor  
  95  6:24  Extractor  
  95  6:25  Drone x9  
  99  6:26  Queen x2  
  91  7:06  Queen x2  
  78  7:26  Roach x5  
  78  7:27  Roach x9  
  78  7:29  Hydralisk Den  
  103  7:32  Queen  
  103  7:33  Glial Reconstitution  
  101  7:44  Overseer x2  
  101  7:47  Drone x5  
  101  7:48  Zerg Ground Armor Level 2, Zerg Missile Weapons Level 2  
  106  7:52  Hatchery  
  106  7:55  Overlord x3  
  106  7:56  Spore Crawler  
  104  8:01  Hydralisk  
  104  8:03  Overlord x3  
  104  8:04  Muscular Augments  
  106  8:16  Extractor  
  106  8:17  Spore Crawler  
  106  8:18  Extractor  
  103  8:20  Hydralisk x3  
  103  8:21  Hydralisk x6  
  121  8:35  Overlord x2, Hydralisk  
  123  8:44  Drone x6  
  123  8:48  Overseer x2  
  129  8:49  Hydralisk x4  
  129  8:50  Hydralisk  
  139  9:04  Roach x3  
  145  9:10  Roach x4  
  153  9:27  Roach x6  
  153  9:30  Spore Crawler, Ravager  
  165  9:33  Roach x4  
  165  9:35  Overlord x2  
  165  9:36  Overlord  
  173  9:43  Overlord x2  
  173  9:53  Ravager x3  
  173  9:54  Ravager x8  
  173  9:55  Roach  
  173  9:56  Roach  
  173  9:57  Zergling x8  
  192  10:03  Roach x4  
Show
View Real Time Build Order
Export as new Build Order

llllllllllll Terran 

Build Orders: Hellion Banshee, MMM Bio 

Get SALT Encoding   

  12  0:01  SCV  
  13  0:13  SCV  
  14  0:18  Supply Depot  
  14  0:25  SCV  
  15  0:40  SCV  
  15  0:41  Barracks  
  16  0:52  SCV  
  17  1:04  SCV  
  18  1:16  SCV  
  19  1:20  Command Center  
  19  1:29  Orbital Command  
  19  1:30  Marine  
  20  1:37  Refinery  
  20  1:42  Refinery  
  20  1:51  Supply Depot  
  20  1:52  Marine  
  21  1:55  SCV  
  22  2:10  Marine  
  22  2:13  SCV  
  24  2:23  Factory  
  24  2:25  SCV  
  25  2:32  Orbital Command  
  25  2:37  SCV  
  25  2:38  Barracks Reactor  
  25  2:40  Bunker  
  26  2:49  SCV  
  27  2:59  SCV  
  27  3:01  SCV  
  28  3:11  SCV  
  29  3:13  SCV  
  29  3:19  Armory  
  30  3:21  Barracks Tech Lab  
  30  3:24  SCV  
  30  3:25  SCV  
  30  3:36  SCV, Starport  
  30  3:40  SCV  
  32  3:43  Hellion x2  
  32  3:47  Barracks Tech Lab  
  32  3:48  SCV  
  36  3:52  SCV  
  37  4:00  SCV  
  38  4:05  SCV  
  38  4:07  Hellion x2  
  43  4:12  SCV  
  43  4:14  Supply Depot  
  43  4:17  Supply Depot  
  44  4:18  Concussive Shells, Marauder  
  44  4:20  Cloaking Field  
  46  4:35  Banshee  
  46  4:36  SCV, Hellion x2  
  55  4:38  SCV  
  55  4:39  Marauder  
  55  4:41  Supply Depot  
  55  4:43  Supply Depot  
  57  4:48  SCV  
  57  4:50  SCV  
  59  4:55  Command Center  
  59  4:59  Hellion  
  61  5:02  Stimpack  
  61  5:03  Marauder  
  61  5:04  SCV  
  61  5:05  SCV  
  65  5:18  Banshee  
  68  5:23  Barracks x2  
  68  5:25  Supply Depot  
  68  5:33  Engineering Bay  
  68  5:34  SCV, Engineering Bay  
  69  5:43  Hellion x2  
  69  5:46  Refinery  
  69  6:01  Banshee  
  69  6:02  Marauder  
  69  6:03  SCV  
  69  6:11  SCV  
  64  6:13  Barracks Reactor x2  
  64  6:17  Barracks x2  
  60  6:24  Terran Infantry Weapons Level 1, Terran Infantry Armor Level 1  
  60  6:28  Refinery  
  60  6:34  Marauder  
  60  6:38  SCV  
  63  6:53  SCV  
  63  6:54  Marine x3  
  56  6:56  Command Center  
  48  7:11  Barracks Reactor  
  48  7:12  Barracks Reactor  
  45  7:22  Orbital Command  
  39  7:23  SCV x2  
  39  7:28  Marine  
  39  7:35  SCV  
  39  7:36  SCV  
  41  7:47  Combat Shields, SCV  
  41  7:48  Terran Vehicle Weapons Level 1  
  41  7:49  SCV x2  
  44  7:57  Marine x2  
  46  7:59  SCV  
  46  8:01  SCV x2  
  46  8:04  Liberator x2  
  49  8:06  Siege Tank  
  49  8:11  SCV  
  54  8:13  SCV x2  
  54  8:14  Marine x4, Orbital Command  
  59  8:24  Marine x2  
  59  8:25  Marine  
  68  8:27  SCV  
  68  8:28  Marine  
  67  8:37  Marauder, Marine  
  67  8:38  SCV x2, Siege Tank  
  67  8:40  Refinery  
  75  8:47  SCV  
  76  8:51  SCV  
  76  8:52  Bunker, Missile Turret  
  76  8:54  SCV  
  76  8:55  SCV  
  79  9:00  SCV  
  79  9:02  Marine  
  81  9:03  Marine  
  81  9:06  Marine x2  
  84  9:11  Marauder  
  84  9:12  Marine x2  
  84  9:13  SCV  
  84  9:16  Medivac  
  91  9:19  Medivac  
  93  9:30  Siege Tank, Marine  
  97  9:32  Marauder, Barracks, Marine  
  97  9:33  Marine x2  
  97  9:34  SCV  
  97  9:36  SCV  
  104  9:43  Marine  
  104  9:45  Marine  
  106  9:46  Medivac  
  106  9:50  Orbital Command  
  106  9:52  Marine  
  109  9:54  Marauder  
  109  9:57  SCV  
  109  9:59  SCV x2, Refinery  
  114  10:04  Marine  
  114  10:05  Marine  
  114  10:06  Supply Depot x2  
  114  10:07  Supply Depot  
Tags
 
Add a new tag
Caveats
  • Supply blocks, unpowered buildings, or Contaminate may cause inaccurate times.
  • Supply counts are checked every 10 seconds.